Map: [ESL] Babylon

Players

Strange - Winner!

  • Race: Protoss Protoss
  • Spawn Location: 11:00

goblin

  • Race: Protoss Protoss
  • Spawn Location: 5:00

Event: ESL SC2 Masters 2023 Summer (Regionals)

VOD

Have the link to the VOD?

Description

Time

  • Played on: May 10, 2023, 10:24 a.m.
  • Length: 5:41

All games in this series

Show
View Real Time Build Order
Export as new Build Order

Strange Protoss - Winner!

Build Orders:  

Get SALT Encoding   

  12  0:00  Probe  
  13  0:12  Probe  
  14  0:17  Pylon  
  14  0:24  Probe (Chrono Boost)  
  15  0:35  Gateway  
  15  0:36  Probe (Chrono Boost)  
  16  0:45  Probe (Chrono Boost)  
  16  0:46  Assimilator  
  17  0:51  Probe  
  17  0:54  Assimilator  
  18  1:03  Probe (Chrono Boost)  
  19  1:07  Gateway  
  19  1:12  Probe (Chrono Boost)  
  19  1:17  Probe (Chrono Boost)  
  20  1:23  Cybernetics Core  
  21  1:29  Probe  
  22  1:37  Pylon  
  22  1:41  Probe  
  23  1:55  Gateway  
  23  1:57  Warp Gate (Chrono Boost)  
  23  2:03  Adept x2  
  23  2:05  Probe  
  28  2:15  Pylon  
  28  2:21  Pylon  
  28  2:33  Stalker  
  30  2:39  Stalker  
  32  2:46  Robotics Facility  
  32  2:54  Pylon  
  32  3:02  Pylon  
  32  3:06  Pylon  
  32  3:31  Immortal (Chrono Boost)  
  34  3:37  Sentry  
  34  3:38  Adept  
  34  3:39  Adept  
  40  3:58  Sentry  
  42  4:03  Immortal  
  42  4:07  Adept  
  46  4:19  Adept  
  48  4:24  Adept  
  47  4:44  Warp Prism (Chrono Boost)  
  47  4:45  Adept, Sentry  
  49  4:57  Adept  
  49  5:16  Adept x2  
  49  5:18  Adept  
Show
View Real Time Build Order
Export as new Build Order

goblin Protoss 

Build Orders: 1 Gate Expand 

Get SALT Encoding   

  12  0:00  Probe  
  13  0:12  Probe  
  14  0:18  Pylon  
  14  0:24  Probe (Chrono Boost)  
  15  0:36  Probe (Chrono Boost)  
  15  0:38  Gateway  
  16  0:45  Probe (Chrono Boost)  
  16  0:47  Assimilator  
  17  0:51  Probe  
  18  1:03  Probe  
  19  1:21  Nexus  
  19  1:24  Probe  
  20  1:35  Cybernetics Core  
  20  1:42  Zealot  
  22  1:49  Pylon  
  22  1:52  Probe  
  23  2:04  Assimilator  
  23  2:08  Stalker (Chrono Boost)  
  23  2:11  Warp Gate (Chrono Boost)  
  25  2:18  Probe  
  26  2:25  Gateway  
  26  2:34  Stalker (Chrono Boost)  
  28  2:42  Shield Battery  
  28  2:49  Probe  
  29  2:51  Probe  
  30  2:59  Shield Battery  
  30  3:02  Stalker (Chrono Boost)  
  32  3:11  Shield Battery  
  33  3:12  Probe  
  33  3:13  Probe  
  34  3:24  Probe  
  34  3:25  Probe  
  34  3:26  Stalker  
  36  3:32  Shield Battery  
  36  3:35  Robotics Facility  
  36  3:44  Shield Battery  
  36  3:52  Stalker  
  38  4:01  Probe x2  
  40  4:04  Adept  
  42  4:20  Sentry  
  44  4:24  Gateway  
  44  4:31  Pylon  
  43  4:32  Immortal (Chrono Boost)  
  43  4:34  Pylon  
  43  4:40  Probe, Sentry  
  43  4:41  Probe  
  42  5:16  Adept  
  40  5:34  Pylon  
Tags
 
Add a new tag
Caveats
  • Supply blocks, unpowered buildings, or Contaminate may cause inaccurate times.
  • Supply counts are checked every 10 seconds.